 Dungeon Crawl Stone Soup version 0.15-a0-1788-ga796aff (console) character file.

14767 deathcap the Grappler (level 12, -13/63 HPs)
             Began as a Vine Stalker Monk on June 29, 2014.
             Was the Champion of Cheibriados.
             Mangled by an ice devil (21 damage)
             ... summoned by an orc high priest
             ... on Level 4 of the Orcish Mines.
             The game lasted 00:38:34 (4774 turns).

deathcap the Grappler (Vine Stalker Monk)           Turns: 4774, Time: 00:38:35

HP -13/63        AC  6     Str 34      XL: 12   Next: 20%
MP   0/42        EV 23     Int 28      God: Cheibriados [******]
Gold 750         SH  0     Dex 30      Spells:  0 memorised, 11 levels left

rFire  . . .     SeeInvis +       - Unarmed
rCold  . . .     Clarity  .     A - +2 robe {MR+}
rNeg   . . .     rCorr    .     (no shield)
rPois  +         rRot     +     (helmet restricted)
rElec  .         Spirit   +     e - +1 cloak
SustAb .         Warding  .     (no gloves)
rMut   .         Stasis   .     (no boots)
Gourm  .                        (no amulet)
MR     ++++.                    J - ring of magical power
                                C - ring of Equivalence {+Inv rPois MR++ MP+9 Int+3 SInv}

@: very slightly contaminated, very slow, incredibly resistant to hostile
enchantments, fairly stealthy
A: fangs 3, horns 1, icy blue scales 1, clumsy 1, deformed body, fast metabolism
1, regeneration 3, wild magic 1, magic shield, antimagic bite, no device heal 3,
rot immunity
a: Bend Time, Temporal Distortion, Slouch, Step From Time, Renounce Religion,
Evoke Invisibility


You were on level 4 of the Orcish Mines.
You worshipped Cheibriados.
Cheibriados was exalted by your worship.
You were hungry.

You visited 3 branches of the dungeon, and saw 16 of its levels.
You also visited: Sewer.

You collected 750 gold pieces.

Inventory:

Hand weapons
 f - the +9 dagger of the Dozen Dances {antimagic, rPois rF- rN+ Int+2, unknown}
   (You found it on level 10 of the Dungeon)

   It disrupts the flow of magical energy around spellcasters and certain
   magical creatures (including the wielder).
   It affects your intelligence (+2).
   It makes you vulnerable to fire.
   It protects you from poison.
   It protects you from negative energy.
 l - a +2 short sword of flaming
 D - a +2 short sword of draining
 I - the cursed +2 spear of the Three Stars {flame, +Fly, unknown}
   (You found it on level 10 of the Dungeon)

   It emits flame when wielded, causing extra injury to most foes and up to
   double damage against particularly susceptible opponents.
   It lets you fly.
   It has a curse placed upon it.
 L - a +0 blowgun
 N - a +0 dagger of distortion
Missiles
 a - 6 needles of sleeping
 E - 7 tomahawks of returning
 F - 2 throwing nets (quivered)
 O - 8 curare-tipped needles
Armour
 e - a +1 cloak (worn)
 n - a +0 scale mail
 q - the cursed +1 robe of Quhil {rC+ Stlth+, unknown}
   (You found it on level 8 of the Dungeon)

   It protects you from cold.
   It makes you more stealthy.
   It has a curse placed upon it.
 u - a +0 buckler
 v - a +0 chain mail
 x - a cursed -2 plate armour
 A - a +2 robe of magic resistance (worn)
 H - a +0 shield
 K - a troll hide
 P - a +1 robe of positive energy
 Q - a +2 chain mail of cold resistance
 S - a +2 chain mail of fire resistance
Magical devices
 k - a wand of cold (3)
 y - a wand of cold (0)
Comestibles
 b - 4 bread rations
 i - 5 meat rations
Scrolls
 d - 2 scrolls of blinking
 h - a scroll of immolation
 r - 5 scrolls of teleportation
 s - 2 scrolls of recharging
 t - 3 scrolls of fog
 w - 2 scrolls of amnesia
 G - a scroll of magic mapping
 M - a scroll of identify
Jewellery
 g - a +2 ring of strength
 C - the ring of Equivalence (left hand) {+Inv rPois MR++ MP+9 Int+3 SInv}
   (You found it on level 5 of the Dungeon)

   [ring of magical power]

   It affects your intelligence (+3).
   It protects you from poison.
   It affects your resistance to hostile enchantments.
   It affects your magic capacity (+9).
   It enhances your eyesight.
   It lets you turn invisible.
 J - a ring of magical power (right hand)
Potions
 c - 8 potions of curing
 j - a potion of resistance
 m - 2 potions of haste
 o - 4 potions of magic
 p - a potion of might
 B - 2 potions of restore abilities
Books
 z - a book of Power

   Spells                             Type                      Level
   Fulminant Prism                    Conjuration/Hexes            4
   Iskenderun's Mystic Blast          Conjuration                  4
   Venom Bolt                         Conjuration/Poison           5
   Bolt of Magma                      Conjuration/Fire/Earth       5
   Iron Shot                          Conjuration/Earth            6
   Orb of Destruction                 Conjuration                  7


   Skills:
 - Level 7.0 Fighting
 + Level 9.3 Dodging
 - Level 2.4 Stealth
 + Level 12.2 Unarmed Combat
 - Level 5.5 Invocations
 - Level 7.0 Evocations


You had 11 spell levels left.
You didn't know any spells.

Dungeon Overview and Level Annotations

Branches:
Dungeon (11/15)            Temple (1/1) D:5             Orc (4/4) D:11
    Elf: Orc:3-4       Lair: D:8-11

Altars:
Cheibriados
Dithmenos
Elyvilon
Gozag
Kikubaaqudgha
Nemelex Xobeh
Okawaru
Qazlal
Sif Muna
Trog
Vehumet
Zin
Beogh

Shops:
D:9 %   Orc:1 %   Orc:4 [(

Annotations:
D:7 deathcap's ghost, experienced TrMo


Innate Abilities, Weirdness & Mutations

You have razor-sharp teeth.
You regenerate.
When hurt, damage is shared between your health and your magic reserves.
Your bite disrupts and absorbs the magic of your enemies.
Potions and wands cannot restore your health.
You are immune to rotting.
You have a pair of small horns on your head.
You are partially covered in icy blue scales (AC +1).
You are clumsy. (Dex -2)
Armour fits poorly on your strangely shaped body.
You have a fast metabolism.
Your spells are a little harder to cast, but a little more powerful.


Message History

You kill the orc!
Cheibriados appreciates the change of pace.
The bolt of cold hits the orc high priest.
The orc high priest is lightly wounded.
The sixfirhy closely misses you.
The sixfirhy hits you but does no damage.
The ice devil hits you. The ice devil freezes you!!
The orc high priest calls down the wrath of Beogh upon you.
Something smites you!
* * * LOW HITPOINT WARNING * * *
The orc misses you. The soul eater misses you. The orc closely misses you.
Evoke which item? (* to show all) (? for menu, Esc to quit)
That item cannot be evoked!
You hit the soul eater but do no damage.
You headbutt the soul eater, but do no damage.
You bite the soul eater, but do no damage.
The orc misses you. The ice devil hits you.
* * * LOW HITPOINT WARNING * * *
The ice devil freezes you!!
You die... oo.

##. ..# ...... #.. ....#
..... #.# ∩.....## #...#
........## ...## ####
.).oo..###...## ###..#
oooOo.##....# #.'.)#
#43o..##...###.#..#
#@o...#....##.####
#3....##...##.....
##.....#...#####.. ####
#.....##..##..#..
##...##......#...#.)'..
##.....##.........#).#.#
##...8...##......).####.#
#8.......8...8...8)####)'
#...._...).......))))).)#


You could see a soul eater, an ice devil, an orc high priest, a sixfirhy, an orc
warrior, an ogre and 6 orcs.

Vanquished Creatures
  An orc warlord (Orc:4)
  A hydra (D:11)
  Erica (Orc:4)
  3 orc high priests (Orc:4)
  A hill giant (D:10)
  2 orc knights
  2 trolls
  Sonja (Orc:2)
  8 yaks (D:10)
  A wyvern (D:9)
  2 wraiths
  A warg (Orc:3)
  2 hippogriffs
  A sky beast (D:6)
  A phantom (D:4)
  25 orc warriors
  3 centaurs
  4 ogres
  Duvessa (D:5)
  2 giant frogs (Sewer)
  A gnoll sergeant (D:8)
  15 killer bees
  3 wights (D:11)
  5 goliath beetles
  A hippogriff skeleton (D:10)
  Dowan (D:5)
  3 crimson imps
  3 worker ants
  4 jellies
  22 orc priests
  4 hounds
  An iguana (D:9)
  18 orc wizards
  21 adders
  6 gnolls
  7 green rats (Sewer)
  A shadow imp (D:5)
  9 giant mites
  A worm (D:4)
  5 giant geckos
  160 orcs
  11 ball pythons
  4 bats
  A bat zombie (D:5)
  3 giant cockroaches
  14 hobgoblins
  2 quokkas
  4 giant newts (Sewer)
  7 goblins
  A hobgoblin zombie (D:6)
  8 kobolds
  An orc zombie (D:6)
  A quokka zombie (D:5)
  31 rats
442 creatures vanquished.

Notes
Turn   | Place    | Note
--------------------------------------------------------------
     0 | D:1      | deathcap, the Vine Stalker Monk, began the quest for the Orb.
     0 | D:1      | Reached XP level 1. HP: 11/11 MP: 1/1
    66 | D:1      | Reached XP level 2. HP: 14/16 MP: 3/3
    82 | D:1      | You fall through a shaft!
    98 | D:2      | Reached XP level 3. HP: 14/19 MP: 2/4
   112 | D:2      | Reached skill level 5 in Unarmed Combat
   205 | D:2      | Reached XP level 4. HP: 23/23 MP: 5/5
   293 | D:2      | Found a shadowy altar of Dithmenos.
   431 | D:4      | Reached skill level 6 in Unarmed Combat
   576 | D:4      | Noticed a phantom
   588 | D:4      | Reached XP level 5. HP: 11/27 MP: 2/7
   598 | D:4      | Killed a phantom
   598 | D:4      | Reached skill level 7 in Unarmed Combat
   598 | D:4      | Gained mutation: You heal very quickly. [vine stalker growth]
   598 | D:4      | Reached XP level 6. HP: 8/32 MP: 4/8
   723 | D:4      | Found a glowing drain.
   790 | Sewer    | Entered a sewer
  1121 | Sewer    | Reached skill level 8 in Unarmed Combat
  1215 | Sewer    | Reached XP level 7. HP: 9/35 MP: 2/9
  1365 | D:5      | Entered Level 5 of the Dungeon
  1466 | D:5      | Found a staircase to the Ecumenical Temple.
  1477 | D:5      | Noticed Duvessa
  1479 | Temple   | Entered the Ecumenical Temple
  1503 | Temple   | Became a worshipper of Cheibriados the Contemplative
  1520 | D:5      | Noticed Dowan
  1524 | D:5      | Killed Duvessa
  1524 | D:5      | Reached skill level 1 in Invocations
  1532 | D:5      | Killed Dowan
  1580 | D:5      | Found a bloodstained altar of Trog.
  1798 | D:5      | Got a scintillating jade ring
  1801 | D:5      | Identified the ring of Equivalence {+Inv rPois MR++ MP+9 Int+3 SInv} (You found it on level 5 of the Dungeon)
  1944 | D:6      | Gained mutation: You have razor-sharp teeth. [vine stalker growth]
  1944 | D:6      | Reached XP level 8. HP: 36/39 MP: 16/16
  2085 | D:6      | Acquired Cheibriados' first power
  2166 | D:6      | Reached skill level 9 in Unarmed Combat
  2257 | D:7      | Noticed deathcap's ghost (experienced TrMo)
  2316 | D:7      | Reached skill level 5 in Invocations
  2379 | D:7      | Reached XP level 9. HP: 38/43 MP: 19/19
  2520 | D:8      | Reached skill level 5 in Dodging
  2608 | D:8      | Found an opulent altar of Gozag.
  2614 | D:8      | Got a ripped robe
  2681 | D:8      | Acquired Cheibriados' second power
  2758 | D:9      | Found Cluocs' Food Emporium.
  2768 | D:10     | Entered Level 10 of the Dungeon
  2864 | D:10     | Reached skill level 10 in Unarmed Combat
  2900 | D:10     | Got a dazzling dagger
  2924 | D:10     | Reached XP level 10. HP: 43/47 MP: 20/20
  3076 | D:10     | Acquired Cheibriados' third power
  3090 | D:10     | Gained mutation: You have a fast metabolism. [potion of mutation]
  3090 | D:10     | Gained mutation: Your spells are a little harder to cast, but a little more powerful. [potion of mutation]
  3090 | D:10     | Gained mutation: You are partially covered in icy blue scales (AC +1). [potion of mutation]
  3091 | D:10     | Gained mutation: You have a pair of small horns on your head. [potion of mutation]
  3091 | D:10     | Gained mutation: You are clumsy. (Dex -2) [potion of mutation]
  3091 | D:10     | Gained mutation: Armour fits poorly on your strangely shaped body. [potion of mutation]
  3129 | D:10     | Noticed a hill giant
  3139 | D:10     | Killed a hill giant
  3139 | D:10     | Reached skill level 11 in Unarmed Combat
  3181 | D:9      | Found a sparkling altar of Nemelex Xobeh.
  3261 | D:10     | Got a polished spear
  3451 | D:11     | Noticed a four-headed hydra
  3458 | D:11     | Killed a four-headed hydra
  3537 | D:11     | Reached skill level 1 in Evocations
  3553 | D:11     | Found a staircase to the Orcish Mines.
  3559 | Orc:1    | Entered Level 1 of the Orcish Mines
  3616 | Orc:2    | Found an iron altar of Okawaru.
  3625 | Orc:2    | Reached XP level 11. HP: 39/51 MP: 22/22
  3639 | Orc:1    | Noticed an orc knight
  3654 | Orc:2    | Killed an orc knight
  3700 | Orc:1    | Found Dothrafur's Food Emporium.
  3768 | Orc:1    | Reached skill level 5 in Evocations
  3920 | Orc:2    | Noticed Sonja
  3921 | Orc:2    | Killed Sonja
  3924 | Orc:2    | Noticed an orc knight
  4022 | Orc:4    | Entered Level 4 of the Orcish Mines
  4155 | Orc:4    | Noticed an orc knight
  4175 | Orc:4    | Killed an orc knight
  4266 | Orc:4    | Reached skill level 5 in Fighting
  4409 | Orc:4    | Noticed Erica
  4438 | Orc:4    | Killed Erica
  4586 | Orc:4    | Noticed an orc warlord
  4601 | Orc:4    | Killed an orc warlord
  4642 | Orc:4    | Noticed an orc high priest
  4649 | Orc:4    | Killed an orc high priest
  4649 | Orc:4    | Gained mutation: You regenerate. [vine stalker growth]
  4649 | Orc:4    | Reached XP level 12. HP: 52/63 MP: 24/24
  4650 | Orc:4    | Noticed an orc high priest
  4659 | Orc:4    | Killed an orc high priest
  4659 | Orc:4    | Reached skill level 12 in Unarmed Combat
  4686 | Orc:4    | Found a roughly hewn altar of Beogh.
  4716 | Orc:4    | Noticed an orc high priest
  4723 | Orc:4    | Found Quam's Antique Weapon Boutique.
  4725 | Orc:4    | Killed an orc high priest
  4758 | Orc:4    | Noticed an orc high priest
  4759 | Orc:4    | Found Gabilil's Armour Shop.
  4774 | Orc:4    | Mangled by an ice devil

Action                   |  1- 3 |  4- 6 |  7- 9 | 10-12 || total
-------------------------+-------+-------+-------+-------++-------
Melee: Unarmed           |    45 |   248 |   295 |   376 ||   964
 Fire: Blowgun           |       |       |       |     3 ||     3
Throw: Throwing net      |     1 |     1 |     3 |       ||     5
Invok: Bend Time         |       |       |     6 |    12 ||    18
       Temporal Distorti |       |       |     1 |     1 ||     2
       Slouch            |       |       |       |     3 ||     3
 Abil: Evoke Invisibilit |       |       |     1 |     4 ||     5
Evoke: Wand              |       |     1 |    11 |    18 ||    30
  Use: Potion            |       |     2 |       |     2 ||     4
       Scroll            |       |     3 |    15 |     2 ||    20
 Stab: Sleeping          |     3 |       |     7 |    13 ||    23
       Invisible         |       |       |     6 |    13 ||    19
       Distracted        |       |       |     1 |       ||     1
